 Dungeon Crawl Stone Soup version 0.21.0-37-g46506fa (webtiles) character file.

182 tidbits the Grave Robber (level 5, 32/37 HPs)
             Began as a Gnoll Necromancer on Feb 1, 2018.
             Quit the game on level 8 of the Dungeon.
             The game lasted 00:10:10 (856 turns).

tidbits the Grave Robber (Gnoll Necromancer)         Turns: 856, Time: 00:10:11

Health: 32/37      AC:  4    Str: 13    XL:     5   Next: 61%
Magic:  9/12       EV: 15    Int: 18    God:
Gold:   118        SH:  0    Dex: 15    Spells: 6/14 levels left

rFire    . . .     SeeInvis .   l - +2 dagger (speed)
rCold    . . .     Gourm    .   (no shield)
rNeg     . . .     Faith    .   B - +0 robe
rPois    .         Spirit   .   (helmet restricted)
rElec    .         Reflect  .   (no cloak)
rCorr    .         Harm     .   (no gloves)
MR       .....                  (no boots)
Stlth    +++.......             R - amulet of regeneration
HPRegen  0.52/turn              (no ring)
MPRegen  0.13/turn              (no ring)

@: mildly poisoned (32 -> 31), very slightly contaminated
A: distributed training, antennae 1, fangs 1, molten scales 1, strong 1, strong
nose
a: no special abilities


You were on level 8 of the Dungeon.
You were not hungry.

You visited 1 branch of the dungeon, and saw 6 of its levels.

You collected 118 gold pieces.

Inventory:

Hand Weapons
 a - a +2 dagger of freezing
   (You found it on level 1 of the Dungeon)
 h - a +0 short sword
 i - a +0 quarterstaff
 l - a +2 dagger of speed (weapon)
   (You found it on level 1 of the Dungeon)
Missiles
 e - 3 needles of paralysis
Armour
 B - a +0 robe (worn)
Jewellery
 k - an uncursed amulet of guardian spirit
   (You found it on level 1 of the Dungeon)
 R - an amulet of regeneration (around neck)
   (You found it on level 3 of the Dungeon)
Scrolls
 m - a scroll of magic mapping
 o - a scroll of enchant armour
 p - a scroll of enchant weapon
Potions
 j - a potion of magic
 q - a potion of flight
 r - a potion of degeneration
Books
 b - a book of Necromancy

   Spells                             Type                      Level
   a - Pain                           Necromancy                   1
   b - Animate Skeleton               Necromancy                   1
   c - Vampiric Draining              Necromancy                   3
   d - Regeneration                   Charms/Necromancy            3
   e - Animate Dead                   Necromancy                   4
   f - Borgnjor's Vile Clutch         Necromancy/Earth             5
Comestibles
 c - 4 rations


   Skills:
 + Level 1.5 Fighting
 + Level 1.5 Short Blades
 + Level 1.5 Long Blades
 + Level 1.5 Axes
 + Level 1.5 Maces & Flails
 + Level 1.5 Polearms
 + Level 1.5 Staves
 + Level 1.5 Slings
 + Level 1.5 Bows
 + Level 1.5 Crossbows
 + Level 1.5 Throwing
 + Level 1.5 Armour
 + Level 4.8 Dodging
 + Level 4.4 Stealth
 + Level 1.5 Shields
 + Level 1.5 Unarmed Combat
 + Level 5.2 Spellcasting
 + Level 1.2 Conjurations
 + Level 1.2 Hexes
 + Level 1.2 Charms
 + Level 1.2 Summonings
 + Level 7.2 Necromancy
 + Level 1.2 Translocations
 + Level 1.2 Transmutations
 + Level 1.2 Fire Magic
 + Level 1.2 Ice Magic
 + Level 1.2 Air Magic
 + Level 1.2 Earth Magic
 + Level 1.2 Poison Magic
 + Level 1.7 Invocations
 + Level 1.5 Evocations


You had 6 spell levels left.
You knew the following spells:

 Your Spells              Type           Power        Failure   Level  Hunger
a - Pain                  Necr           ####         1%          1    None
d - Vampiric Draining     Necr           ####......   1%          3    ##.....
n - Animate Skeleton      Necr           N/A          1%          1    None
r - Regeneration          Chrm/Necr      ###.......   7%          3    ##.....


Dungeon Overview and Level Annotations

Branches:
Dungeon (5/15)
 Temple: D:4-7

Altars:
Kikubaaqudgha


Innate Abilities, Weirdness & Mutations

Your experience applies equally to all skills.
You have very sharp teeth.
Your uncanny sense of smell can sniff out nearby items.
You have a pair of small antennae on your head.
You are partially covered in molten scales. (AC +2)
Your muscles are strong. (Str +2)


Message History

As you read the scroll of enchant weapon, it crumbles to dust.
Your +1 dagger of freezing glows red for a moment.
The centaur skeleton hits you.
You hit the centaur skeleton.
The centaur skeleton is lightly damaged.
You hit the centaur skeleton.
You bite the centaur skeleton, but do no damage.
The centaur skeleton is moderately damaged.
The centaur skeleton barely misses you.
You hit the centaur skeleton.
The centaur skeleton is heavily damaged.
The centaur skeleton hits you.
You hit the centaur skeleton.
The centaur skeleton is severely damaged.
The centaur skeleton closely misses you.
You hit the centaur skeleton.
The centaur skeleton is severely damaged.
The centaur skeleton hits you but does no damage.
You hit the centaur skeleton but do no damage.
The centaur skeleton is severely damaged.
You hit the centaur skeleton.
The centaur skeleton is almost destroyed.
The centaur skeleton closely misses you.
You hit the centaur skeleton.
You destroy the centaur skeleton!
Found 10 gold pieces.
Found a leather armour.
You see here 10 gold pieces.
You now have 118 gold pieces (gained 10).
There is a stone staircase leading down here.
You climb downwards.
There is a stone staircase leading up here.
Unknown command.
Unknown command.
A shadow imp comes into view.
The shadow imp shouts, "Accept thy fall, thou rough-hewn flat-headed urchin!"
A quokka comes into view.
Casting: Pain
Confirm with . or Enter, or press ? or * to list all spells.
Aiming: Pain
Press: ? - help, Shift-Dir - straight line, f - quokka
Aim: a quokka (hasn't noticed you, chance to defeat MR: 93%)
The quokka writhes in agony!
You kill the quokka!
The shadow imp hits you.
You hit the shadow imp.
The shadow imp is lightly wounded.
The shadow imp misses you.
You hit the shadow imp. You bite the shadow imp.
The shadow imp is moderately wounded.
The shadow imp closely misses you.
You hit the shadow imp.
The shadow imp is heavily wounded.
You closely miss the shadow imp.
The shadow imp is heavily wounded.
The shadow imp hits you.
You closely miss the shadow imp.
The shadow imp is heavily wounded.
The shadow imp misses you.
You hit the shadow imp.
The shadow imp is almost dead.
You hit the shadow imp.
You kill the shadow imp!
You see here a quokka corpse.
You found a shaft!
There is a shaft here.
You fall through a shaft for 3 floors!
The shaft crumbles and collapses.
A killer bee and a skeleton come into view.
Found a scroll of remove curse, 14 gold pieces and a ration.
Okay, then.
The killer bee buzzes angrily.
You hear an angry buzzing noise. x2
Okay, then.
You hear a shout!
The centaur skeleton hits you.
Blink to where?
Press: ? - help, Dir - move target cursor You are very lightly contaminated with residual magic.
As you read the scroll of blinking, it crumbles to dust.
The killer bee misses you. The killer bee misses you.
The killer bee stings you!
You are poisoned.
The killer bee poisons you!
You feel sick. The killer bee misses you.
You feel sick. The killer bee closely misses you. The killer bee misses you.
Casting: Pain
Confirm with . or Enter, or press ? or * to list all spells.
Aiming: Vampiric Draining
Press: ? - help, Shift-Dir - straight line, f - killer bee
Aim: a killer bee The killer bee is heavily wounded.
You feel life coursing into your body.
You feel sick. The killer bee misses you. The killer bee closely misses you.
A killer bee comes into view.
You enter a teleport trap!
The teleport trap disappears.
Your surroundings suddenly seem different.
The killer bee barely misses you.
A killer bee comes into view.
Are you sure you want to abandon this character and quit the game? (Confirm with "yes".)

#..........#
#....?.....#
#......y...#
#....y.....#
#$.........#
.%...#..####
##..##..#
#..# #@Z##
#.y.# #.#.#
#.#.# #.#.#
#.#.# .....
......
.......


You could see 3 killer bees and a centaur skeleton.

Vanquished Creatures
  A centaur skeleton (D:4)
  An orc wizard (D:4)
  6 adders
  A shadow imp (D:5)
  2 oozes
  5 worms
  A leopard gecko (D:1)
  2 orcs (D:4)
  4 giant cockroaches
  3 goblins
  4 hobgoblins
  A jackal (D:1)
  A quokka (D:5)
  A ball python (D:3)
  2 bats
  3 kobolds (D:2)
  A quokka skeleton (D:4)
  2 rats (D:1)
41 creatures vanquished.

Vanquished Creatures (others)
  A human (D:4)
1 creature vanquished.

Grand Total: 42 creatures vanquished

Notes
Turn   | Place    | Note
-------+----------+-------------------------------------------
     0 | D:1      | tidbits the Gnoll Necromancer began the quest for the Orb.
     0 | D:1      | Reached XP level 1. HP: 13/13 MP: 6/6
    51 | D:2      | Reached XP level 2. HP: 10/20 MP: 2/7
   253 | D:2      | Reached skill level 5 in Spellcasting
   253 | D:2      | Reached XP level 3. HP: 12/25 MP: 5/9
   313 | D:3      | Learned a level 3 spell: Vampiric Draining
   315 | D:3      | Learned a level 1 spell: Animate Skeleton
   319 | D:3      | Learned a level 3 spell: Regeneration
   350 | D:3      | Gained mutation: Your muscles are strong. (Str +2) [potion of mutation]
   350 | D:3      | Gained mutation: You are partially covered in molten scales. (AC +2) [potion of mutation]
   350 | D:3      | Gained mutation: You have a pair of small antennae on your head. [potion of mutation]
   371 | D:4      | Reached skill level 1 in Fighting
   371 | D:4      | Reached skill level 1 in Short Blades
   371 | D:4      | Reached skill level 1 in Long Blades
   371 | D:4      | Reached skill level 1 in Axes
   371 | D:4      | Reached skill level 1 in Maces & Flails
   371 | D:4      | Reached skill level 1 in Polearms
   371 | D:4      | Reached skill level 1 in Staves
   371 | D:4      | Reached skill level 1 in Slings
   371 | D:4      | Reached skill level 1 in Bows
   371 | D:4      | Reached skill level 1 in Crossbows
   371 | D:4      | Reached skill level 1 in Throwing
   371 | D:4      | Reached skill level 1 in Armour
   371 | D:4      | Reached skill level 1 in Shields
   371 | D:4      | Reached skill level 1 in Unarmed Combat
   371 | D:4      | Reached skill level 1 in Invocations
   371 | D:4      | Reached skill level 1 in Evocations
   371 | D:4      | Reached XP level 4. HP: 4/32 MP: 0/11
   506 | D:2      | Reached skill level 1 in Conjurations
   506 | D:2      | Reached skill level 1 in Hexes
   506 | D:2      | Reached skill level 1 in Charms
   506 | D:2      | Reached skill level 1 in Summonings
   506 | D:2      | Reached skill level 1 in Translocations
   506 | D:2      | Reached skill level 1 in Transmutations
   506 | D:2      | Reached skill level 1 in Fire Magic
   506 | D:2      | Reached skill level 1 in Ice Magic
   506 | D:2      | Reached skill level 1 in Air Magic
   506 | D:2      | Reached skill level 1 in Earth Magic
   506 | D:2      | Reached skill level 1 in Poison Magic
   633 | D:3      | Reached XP level 5. HP: 37/37 MP: 12/12
   748 | D:4      | Found an ancient bone altar of Kikubaaqudgha.
   749 | D:4      | Noticed a human
   752 | D:4      | Killed a human
   815 | D:5      | Entered Level 5 of the Dungeon
   841 | D:5      | You fall through a shaft for 3 floors!
   856 | D:8      | Quit the game

Skill      XL: |  1  2  3  4 |
---------------+-------------+-----
Spellcasting   | 5 |  5.2
Fighting       | 1 |  1.5
Short Blades   | 1 |  1.5
Long Blades    | 1 |  1.5
Axes           | 1 |  1.5
Maces & Flails | 1 |  1.5
Polearms       | 1 |  1.5
Staves         | 1 |  1.5
Slings         | 1 |  1.5
Bows           | 1 |  1.5
Crossbows      | 1 |  1.5
Throwing       | 1 |  1.5
Armour         | 1 |  1.5
Shields        | 1 |  1.5
Unarmed Combat | 1 |  1.5
Invocations    | 1 |  1.7
Evocations     | 1 |  1.5
Conjurations   | 1 |  1.2
Hexes          | 1 |  1.2
Charms         | 1 |  1.2
Summonings     | 1 |  1.2
Translocations | 1 |  1.2
Transmutations | 1 |  1.2
Fire Magic     | 1 |  1.2
Ice Magic      | 1 |  1.2
Air Magic      | 1 |  1.2
Earth Magic    | 1 |  1.2
Poison Magic   | 1 |  1.2
Dodging        | |  4.8
Stealth        | |  4.4
Necromancy     | |  7.2

Action                   |  1- 3 |  4- 6 || total
-------------------------+-------+-------++-------
Melee: Dagger            |     5 |    61 ||    66
       Short sword       |     1 |       ||     1
       Bite              |     1 |     5 ||     6
 Cast: Pain              |    22 |    18 ||    40
       Vampiric Draining |     1 |     2 ||     3
       Regeneration      |       |     3 ||     3
  Use: Scroll            |     1 |    11 ||    12
       Potion            |     1 |     1 ||     2
 Stab: Sleeping          |     5 |     7 ||    12
  Eat: Ration            |       |     1 ||     1
Armor: Robe              |     3 |     4 ||     7
Dodge: Dodged            |    21 |    30 ||    51

Table legend:
 A = Turns spent in this place as a percentage of turns spent in the entire game.
 B = Non-inter-level travel turns spent in this place as a percentage of non-inter-level travel turns spent in the entire game.
 C = Inter-level travel turns spent in this place as a percentage of turns spent in this place.
 D = Turns resting spent in this place as a percentage of non-inter-level travel turns spent in this place.
 E = Turns spent auto-exploring this place as a percentage of non-inter-level travel turns spent in this place.
 F = Non-inter-level travel turns spent in this place divided by the number of levels of this place that you've seen.
                   A       B       C       D       E      F
               +-------+-------+-------+-------+-------+----------------------
         Total | 100.0 | 100.0 |   0.0 |   0.0 |   0.0 | 142.7
       Dungeon | 100.0 | 100.0 |   0.0 |   0.0 |   0.0 | 142.7
               +-------+-------+-------+-------+-------+----------------------

Table legend:
 A = Kills in this place as a percentage of kills in entire the game.
 B = Kills by you in this place as a percentage of kills by you in the entire game.
 C = Kills by friends in this place as a percentage of kills by friends in the entire game.
 D = Other kills in this place as a percentage of other kills in the entire game.
 E = Experience gained in this place as a percentage of experience gained in the entire game.
 F = Experience gained in this place divided by the number of levels of this place that you have seen.
                   A       B       C       D       E      F
               +-------+-------+-------+-------+-------+----------------------
         Total | 100.0 | 100.0 |   N/A |   N/A | 100.0 |  43.3
       Dungeon | 100.0 | 100.0 |   N/A |   N/A | 100.0 |  43.3
               +-------+-------+-------+-------+-------+----------------------

Vault maps used:
D:1:      lemuel_arrival_room
D:2:      dk_yredelemnul_ordeal
D:3:      first_ration, kennysheep_generic_room_11
D:4:      minmay_door_path, kennysheep_small_spiral, tgw_kikubaaqudgha
D:5:      grunt_temple_overflow_open, serial_glass, glass_columns_a,
          glass_columns_b, glass_columns_b, glass_columns_a, glass_columns_a,
          glass_columns_b, glass_columns_a, glass_columns_c, minmay_crossroads,
          uniq_edmund, uniq_crazy_yiuf_cottage, uniq_blork_the_orc
D:8:      kennysheep_mini
